 Dungeon Crawl Stone Soup version 0.19.5 (webtiles) character file.

23956 Peloso the Carver (level 12, -1/106 HPs)
             Began as a Minotaur Fighter on Apr 8, 2017.
             Was a High Priest of Okawaru.
             Slain by a four-headed hydra (3 damage)
             ... on level 3 of the Lair of Beasts.
             The game lasted 00:46:35 (15873 turns).

Peloso the Carver (Minotaur Fighter)               Turns: 15873, Time: 00:46:36

Health: -1/106     AC: 23    Str: 28    XL:     12   Next: 76%
Magic:  20/21      EV: 14    Int:  9    God:    Okawaru [*****.]
Gold:   812        SH: 17    Dex: 16    Spells: 0 memorised, 11 levels left

rFire  . . .     SeeInvis .     R - +0 hand axe (flame)
rCold  . . .     Gourm    +     O - +0 plate armour
rNeg   + . .     Faith    .     c - +1 shield
rPois  .         Spirit   .     p - +2 hat {MR+}
rElec  .         Reflect  .     e - +2 cloak of Mezcal {*Slow MR+ MP+9 Str+3 Int+4}
rCorr  .         Harm     .     (no gloves)
MR     ++...                    (no boots)
Stlth  ..........               M - amulet of Ytuvvy {Gourm rN+}
                                Z - +5 ring of dexterity
                                (no ring)

@: heroism
A: retaliatory headbutt, horns 2
a: Heroism, Finesse, Renounce Religion


You were on level 3 of the Lair of Beasts.
You worshipped Okawaru.
Okawaru was extremely pleased with you.
You were very full.

You visited 3 branches of the dungeon, and saw 15 of its levels.
You also visited: Sewer.

You collected 812 gold pieces.

Inventory:

Hand Weapons
 a - a +1 long sword
 R - a +0 hand axe of flaming (weapon)
Armour
 c - a +1 shield (worn)
 e - the +2 cloak of Mezcal (worn) {*Slow MR+ MP+9 Str+3 Int+4}
   (Okawaru gifted it to you on level 1 of the Lair of Beasts)

   It affects your strength (+3).
   It affects your intelligence (+4).
   It affects your resistance to hostile enchantments.
   It affects your magic capacity (+9).
   It may slow you when you take damage.
 p - a +2 hat of magic resistance (worn)
 O - a +0 plate armour (worn)
Jewellery
 w - an uncursed ring of resist corrosion
 D - a cursed -2 ring of strength {unknown}
 M - the amulet of Ytuvvy (around neck) {Gourm rN+}
   (You found it on level 6 of the Dungeon)

   [amulet of the gourmand]

   It allows you to eat raw meat even when not hungry.
   It protects you from negative energy.
 N - an uncursed ring of protection from fire
 W - an uncursed ring of protection from magic
 Z - a +5 ring of dexterity (right hand)
Wands
 K - a wand of digging (15/24)
 T - a wand of slowing (18/48)
 Y - a wand of heal wounds (6/9)
Scrolls
 b - 2 scrolls of summoning
 j - a scroll of vulnerability
 q - 2 scrolls of random uselessness
 u - 5 scrolls of remove curse
 B - 4 scrolls of recharging
 C - 2 scrolls of fog
 E - 2 scrolls of teleportation
 J - a scroll of enchant armour
 X - 4 scrolls of identify
Potions
 d - 2 potions of might
 i - 4 potions of resistance
 k - 3 potions of flight
 r - 6 potions of curing
 t - a potion of agility
 v - a potion of cancellation {unknown}
 z - a potion of haste
 A - a potion of magic {unknown}
 G - a potion of brilliance {unknown}
 P - 2 potions of invisibility {unknown}
Books
 U - a book of Minor Magic

   Spells                             Type                      Level
   a - Magic Dart                     Conjuration                  1
   b - Blink                          Translocation                2
   c - Call Imp                       Summoning                    2
   d - Repel Missiles                 Charms/Air                   2
   e - Slow                           Hexes                        2
   f - Conjure Flame                  Conjuration/Fire             3
   g - Mephitic Cloud                 Conjuration/Poison/Air       3
Comestibles
 f - 4 bread rations
 g - 5 beef jerkies
 h - 7 meat rations
 l - 3 slices of pizza
 n - 19 fruits
 x - 10 royal jellies


   Skills:
 + Level 10.0(15.0) Fighting
 + Level 14.2(19.2) Long Blades
 + Level 3.3(8.3) Axes
 + Level 12.8(17.8) Armour
 + Level 5.0(10.0) Dodging
 + Level 1.2(6.2) Stealth
 + Level 13.0(18.0) Shields
 + Level 1.4 Invocations


You had 11 spell levels left.
You didn't know any spells.

Dungeon Overview and Level Annotations

Branches:
Dungeon (11/15)            Temple (1/1) D:5            Lair (3/6) D:11
  Swamp: Lair:2-4    Shoals: Lair:2-4     Snake: Lair:2-4    Spider: Lair:2-4
    Orc: D:9-12

Altars:
Ashenzari
Cheibriados
Dithmenos
Elyvilon
Fedhas
Gozag
Hepliaklqana
Kikubaaqudgha
Makhleb
Nemelex Xobeh
Okawaru
Qazlal
Ru
Sif Muna
Trog
Uskayaw
Vehumet
Xom
Yredelemnul
Zin
The Shining One

Portals:
Volcano: Lair:3


Innate Abilities, Weirdness & Mutations

You reflexively headbutt those who attack you in melee.
You have a pair of horns on your head.


Message History

You block the five-headed hydra's attack.
The five-headed hydra bites you but does no damage.
You block the five-headed hydra's attack. x2
Unknown command.
You lop one of the five-headed hydra's heads off!
The flame cauterises the wound!
You slash the four-headed hydra! You burn the four-headed hydra.
The four-headed hydra is almost dead.
The four-headed hydra bites you.
* * * LOW HITPOINT WARNING * * *
The four-headed hydra barely misses you.
The four-headed hydra bites you but does no damage.
The four-headed hydra bites you!
* * * LOW HITPOINT WARNING * * *
You feel better. The four-headed hydra bites you!
* * * LOW HITPOINT WARNING * * *
You block the four-headed hydra's attack.
The four-headed hydra closely misses you.
The four-headed hydra bites you.
You die...

..... ....##
.....# . .....#
.P .....#
.P.#####....#
............###
......D@.......
...............
........(......
...............
...............
...........#...
...##.P.....##.
#.# #.......#
.. .......##


You could see a four-headed hydra.

Vanquished Creatures
  Gastronok (D:10)
  3 hydras
  The ghost of Jerry the Grappler, a novice TrMo (D:11)
  The ghost of Sanvar the Whirler, a journeyman HaHu of Dithmenos (Lair:1)
  3 skeletal warriors
  An unseen horror (D:10)
  2 hill giants
  An ugly thing (D:10)
  A manticore (D:11)
  2 oklob plants (D:11)
  2 cyclopes (D:11)
  A black mamba (Lair:1)
  A spiny frog (Lair:2)
  A rime drake (Lair:3)
  A komodo dragon (Lair:2)
  3 trolls
  3 polar bears
  3 hornets (D:11)
  Grinder (D:3)
  5 hippogriffs
  Sigmund (D:3)
  10 yaks
  Eustachio (D:4)
  A wyvern (Lair:1)
  2 humans (D:9)
  2 basilisks (Lair:2)
  Edmund (D:4)
  A soldier ant (D:11)
  3 water moccasins
  Duvessa (D:4)
  3 porcupines (Lair:1)
  3 orc warriors
  3 ice beasts
  5 sky beasts
  2 black bears
  5 ogres
  A phantom (D:9)
  A necrophage (D:9)
  6 wolves
  12 centaurs
  3 big kobolds
  8 bullfrogs
  3 crocodiles
  A wyvern zombie (D:10)
  Dowan (D:4)
  A scorpion (D:4)
  5 electric eels
  2 jellies
  4 crimson imps
  3 bullfrog zombies
  2 lava snakes (D:9)
  4 hounds
  A bullfrog skeleton (D:9)
  2 orc priests
  Ijyb (D:2)
  13 orc wizards
  2 iguanas
  Natasha (thrice) (D:3)
  2 killer bee zombies
  5 worker ants
  2 centaur simulacra (D:11)
  2 worker ant zombies
  A hound skeleton (D:7)
  3 gnolls
  8 adders
  2 river rats (Sewer)
  A hound simulacrum (D:11)
  3 shadow imps
  5 white imps (D:11)
  2 ufetubi (D:11)
  3 oozes
  An adder zombie (D:6)
  8 worms
  3 dart slugs (D:1)
  7 leopard geckos
  34 orcs
  7 giant cockroaches
  13 goblins
  8 hobgoblins
  5 jackals
  32 kobolds
  4 quokkas
  3 ball pythons (Sewer)
  A ball python skeleton (D:4)
  7 bats
  4 frilled lizards
  A jackal zombie (D:9)
  2 leopard gecko skeletons
  A leopard gecko zombie (D:5)
  3 quokka skeletons
  A quokka zombie (D:8)
  6 rats
  2 plants
352 creatures vanquished.

Vanquished Creatures (others)
  3 fungi
3 creatures vanquished.

Grand Total: 355 creatures vanquished

Notes
Turn   | Place    | Note
-------+----------+-------------------------------------------
     0 | D:1      | Peloso the Minotaur Fighter began the quest for the Orb.
     0 | D:1      | Reached XP level 1. HP: 19/19 MP: 0/0
   167 | D:1      | Reached XP level 2. HP: 27/27 MP: 1/1
   736 | D:2      | Reached XP level 3. HP: 33/33 MP: 2/2
   875 | D:2      | Reached skill level 3 in Long Blades
  1014 | D:2      | Found a glowing golden altar of the Shining One.
  1307 | D:2      | Reached XP level 4. HP: 40/40 MP: 3/3
  1476 | D:3      | Noticed Ijyb
  1718 | D:2      | Killed Ijyb
  1726 | D:2      | Reached skill level 4 in Long Blades
  1945 | D:3      | Found an ancient bone altar of Kikubaaqudgha.
  1993 | D:3      | Noticed Sigmund
  1997 | D:3      | Noticed Grinder
  1997 | D:3      | Paralysed by Grinder for 3 turns
  2007 | D:3      | Killed Sigmund
  2007 | D:3      | Reached skill level 5 in Armour
  2007 | D:3      | Reached skill level 1 in Dodging
  2007 | D:3      | Reached XP level 5. HP: 24/46 MP: 4/4
  2007 | D:3      | Reached XP level 6. HP: 27/52 MP: 5/5
  2011 | D:3      | Killed Grinder
  2011 | D:3      | Reached skill level 5 in Long Blades
  2011 | D:3      | Reached skill level 5 in Shields
  2201 | D:3      | Noticed Natasha
  2207 | D:3      | Killed Natasha
  2234 | D:3      | Found a sacrificial altar of Ru.
  2358 | D:3      | Noticed Natasha
  2368 | D:3      | Killed Natasha
  2368 | D:3      | Reached XP level 7. HP: 35/60 MP: 6/6
  2469 | D:3      | Noticed Natasha
  2477 | D:3      | Killed Natasha
  2692 | D:4      | Noticed Edmund
  2733 | D:4      | Killed Edmund
  2733 | D:4      | Reached skill level 6 in Long Blades
  3022 | D:4      | Noticed Eustachio
  3052 | D:4      | Killed Eustachio
  3126 | D:4      | Noticed Dowan
  3127 | D:4      | Noticed Duvessa
  3159 | D:4      | Killed Duvessa
  3172 | D:4      | Killed Dowan
  3172 | D:4      | Reached skill level 5 in Fighting
  3172 | D:4      | Reached skill level 7 in Long Blades
  3172 | D:4      | Reached XP level 8. HP: 52/68 MP: 7/7
  3439 | D:5      | Entered Level 5 of the Dungeon
  3440 | D:5      | Found a glowing drain.
  3579 | Sewer    | Entered a sewer
  4291 | D:5      | Found a deep blue altar of Sif Muna.
  4692 | D:5      | Found a staircase to the Ecumenical Temple.
  4702 | Temple   | Entered the Ecumenical Temple
  5195 | D:6      | Reached skill level 8 in Long Blades
  5407 | D:6      | Got a bound lead amulet
  5445 | D:6      | Found a white marble altar of Elyvilon.
  5792 | D:6      | Identified the amulet of Ytuvvy {Gourm rN+} (You found it on level 6 of the Dungeon)
  5889 | D:6      | Got a faintly glowing whip
  5890 | D:6      | Identified the +6 whip of the Wheel {slash, rF+} (You found it on level 6 of the Dungeon)
  5923 | D:7      | Noticed a hippogriff
  5941 | D:6      | Killed a hippogriff
  5941 | D:6      | Reached skill level 1 in Stealth
  5941 | D:6      | Reached XP level 9. HP: 48/74 MP: 8/8
  6275 | D:7      | Reached skill level 9 in Long Blades
  6869 | D:7      | Found a bloodstained altar of Trog.
  7002 | D:7      | Found a hide-covered altar of Uskayaw.
  7235 | D:8      | Found a burning altar of Makhleb.
  7289 | D:8      | Found a sparkling altar of Nemelex Xobeh.
  7587 | D:8      | Reached skill level 10 in Long Blades
  7660 | D:8      | Found a glowing silver altar of Zin.
  7906 | D:9      | Reached XP level 10. HP: 58/84 MP: 9/9
  7965 | D:9      | Found an iron altar of Okawaru.
  7983 | D:9      | Became a worshipper of Warmaster Okawaru
  8001 | D:9      | Reached skill level 11 in Long Blades
  8323 | D:9      | Found a snail-covered altar of Cheibriados.
  8455 | D:9      | Found a deep blue altar of Sif Muna.
  9409 | D:9      | Found a bloodstained altar of Trog.
  9455 | D:9      | Found a white marble altar of Elyvilon.
  9520 | D:10     | Entered Level 10 of the Dungeon
  9530 | D:10     | Reached * piety under Okawaru
  9595 | D:10     | Killed an unseen horror
  9802 | D:10     | Noticed Gastronok
  9827 | D:10     | Noticed a hill giant
  9827 | D:10     | Reached ** piety under Okawaru
  9845 | D:9      | Killed a hill giant
  9845 | D:9      | Reached skill level 12 in Long Blades
  9845 | D:9      | Reached skill level 10 in Armour
 10221 | D:10     | Killed Gastronok
 10221 | D:10     | Reached skill level 10 in Shields
 10221 | D:10     | Reached XP level 11. HP: 64/94 MP: 8/10
 10231 | D:10     | Reached *** piety under Okawaru
 10870 | D:11     | Noticed a skeletal warrior
 10870 | D:11     | Noticed a skeletal warrior
 10870 | D:11     | Noticed a skeletal warrior
 10903 | D:10     | Killed a skeletal warrior
 11450 | D:9      | Killed a skeletal warrior
 11610 | D:10     | Killed a skeletal warrior
 11811 | D:10     | Reached **** piety under Okawaru
 11900 | D:11     | Found a staircase to the Lair.
 11900 | D:11     | Noticed an oklob plant
 11900 | D:11     | Noticed an oklob plant
 11949 | D:11     | Killed an oklob plant
 11949 | D:11     | Received a gift from Okawaru
 11961 | D:11     | Killed an oklob plant
 12092 | D:11     | Reached skill level 13 in Long Blades
 12370 | D:11     | Noticed a red ugly thing
 12401 | D:10     | Killed a red ugly thing
 12401 | D:10     | Reached skill level 1 in Invocations
 12649 | D:11     | HP: 3/97 [cyclops (3)]
 13002 | D:11     | Noticed Jerry's ghost (novice TrMo)
 13041 | D:11     | Killed Jerry's ghost
 13041 | D:11     | Reached ***** piety under Okawaru
 13051 | D:11     | Reached XP level 12. HP: 54/104 MP: 9/11
 14102 | Lair:1   | Entered Level 1 of the Lair of Beasts
 14188 | Lair:1   | Noticed Sanvar's ghost (journeyman HaHu)
 14438 | Lair:1   | Killed Sanvar's ghost
 14438 | Lair:1   | Received a gift from Okawaru
 14441 | Lair:1   | Got a distressingly furry cloak {god gift}
 14460 | Lair:1   | Identified the +2 cloak of Mezcal {*Slow MR+ MP+9 Str+3 Int+4} (Okawaru gifted it to you on level 1 of the Lair of Beasts)
 14475 | Lair:1   | Noticed a five-headed hydra
 14486 | Lair:1   | Killed a three-headed hydra
 14717 | Lair:1   | Reached skill level 14 in Long Blades
 14717 | Lair:1   | Reached skill level 1 in Axes
 14906 | Lair:1   | Reached skill level 5 in Dodging
 14993 | Lair:1   | Noticed a five-headed hydra
 15002 | Lair:1   | Killed a one-headed hydra
 15006 | Lair:2   | Noticed a six-headed hydra
 15016 | Lair:2   | Killed a one-headed hydra
 15434 | Lair:1   | Reached skill level 10 in Fighting
 15830 | Lair:3   | Found a dark tunnel.
 15855 | Lair:3   | Noticed an eight-headed hydra
 15869 | Lair:3   | HP: 3/106 [five-headed hydra (5)]
 15872 | Lair:3   | HP: 1/106 [four-headed hydra (9)]
 15873 | Lair:3   | Slain by a four-headed hydra

Skill      XL: |  1  2  3  4  5  6  7  8  9 10 11 12 |
---------------+-------------------------------------+-----
Armour         | 4 5 6 7 9 10 11 12 | 12.8
Shields        | 4 5 6 7 8 10 11 13 | 13.0
Fighting       | 4 5 6 8 9 10 | 10.0
Long Blades    | 3 4 5 7 8 10 12 13 14 | 14.2
Dodging        | 1 2 4 5 |  5.0
Stealth        | 1 |  1.2
Invocations    | 1 |  1.4
Axes           | 3 |  3.3

Action                   |  1- 3 |  4- 6 |  7- 9 | 10-12 || total
-------------------------+-------+-------+-------+-------++-------
Melee: Long sword        |   101 |    66 |   590 |   807 ||  1564
       Headbutt          |    14 |    13 |   120 |   233 ||   380
       Hand axe          |       |       |       |    30 ||    30
Invok: Heroism           |       |       |       |     8 ||     8
Evoke: Wand              |       |       |       |     4 ||     4
  Use: Potion            |       |     1 |     1 |     7 ||     9
       Scroll            |       |       |    12 |    14 ||    26
  Eat: Chunk             |     1 |     4 |    29 |    26 ||    60
Armor: Scale mail        |    62 |    24 |   107 |       ||   193
       Plate armour      |       |       |    78 |   348 ||   426
Dodge: Dodged            |    32 |    26 |   154 |   222 ||   434
Block: Shield            |    60 |    41 |   299 |   566 ||   966
       Rpst.: Long sword |    10 |     8 |    43 |    52 ||   113
